 Dungeon Crawl Stone Soup version 0.23.0 (webtiles) character file.

Game seed: 6907650713156586814

52 Borgoz the Chopper (level 3, -3/22 HPs)
             Began as a Gargoyle Gladiator on Feb 9, 2019.
             Slain by a gnoll
             ... wielding a +0 whip
              (5 damage)
             ... on level 2 of the Dungeon.
             The game lasted 00:01:58 (866 turns).

Borgoz the Chopper (Gargoyle Gladiator)              Turns: 866, Time: 00:01:58

Health: -3/22      AC:  9    Str: 17    XL:     3   Next: 85%
Magic:  3/3        EV: 11    Int:  8    God:
Gold:   45         SH:  0    Dex: 12    Spells: 2/2 levels left

rFire    . . .     SeeInvis .   a - +0 war axe
rCold    . . .     Gourm    .   (no shield)
rNeg     + . .     Faith    .   o - +0 ring mail
rPois    ∞         Spirit   .   c - +0 helmet
rElec    +         Reflect  .   (no cloak)
rCorr    .         Harm     .   (no gloves)
MR       .....                  (no boots)
Stlth    +.........             (no amulet)
HPRegen  0.07/turn              (no ring)
MPRegen  0.08/turn              (no ring)

@: no status effects
A: negative energy resistance 1, electricity resistance, unbreathing,
petrification resistance, rot immunity, AC +3
a: no special abilities


You were on level 2 of the Dungeon.
You were not hungry.

You visited 1 branch of the dungeon, and saw 2 of its levels.

You collected 45 gold pieces.

Inventory:

Hand Weapons
 a - a +0 war axe (weapon)
Missiles
 d - 3 throwing nets (quivered)
Armour
 c - a +0 helmet (worn)
 o - a +0 ring mail (worn)
Jewellery
 l - an uncursed amulet of faith
Scrolls
 b - a scroll of enchant armour {unknown}
 e - a scroll of identify {unknown}
 h - a scroll of remove curse {unknown}
 j - a scroll of fog {unknown}
 k - a scroll of magic mapping {unknown}
Potions
 i - a potion of agility {unknown}
 m - 2 potions of flight {unknown}
 n - a potion of lignification {unknown}
Comestibles
 f - 2 rations
 g - 3 chunks of flesh


   Skills:
 + Level 2.8 Fighting
 + Level 3.1 Axes
 - Level 1.7 Throwing
 + Level 1.6 Armour
 + Level 2.8 Dodging


You had 2 spell levels left.
You didn't know any spells.
Your spell library was empty.

Dungeon Overview and Level Annotations

Branches:
Dungeon (2/15)

Altars:
Wu Jian


Innate Abilities, Weirdness & Mutations

You are resistant to torment.
Your stone body is resilient. (AC +3)
You are immune to poison.
You resist negative energy. (rN+)
You are resistant to electric shocks. (rElec)
You can survive without breathing.
You are immune to petrification.
You are immune to rotting.


Message History

You hit the gnoll.
The gnoll is moderately wounded.
You barely miss the gnoll. You hit the gnoll.
You hit the gnoll but do no damage. The gnoll hits you.
The gnoll barely misses you. x2; The gnoll closely misses you. x2
The gnoll hits you but does no damage. x2
You hit the gnoll.
The gnoll is severely wounded.
You hit the gnoll. x2; You hit the gnoll but do no damage.
The gnoll hits you with a +0 whip. The gnoll closely misses you.
The gnoll hits you but does no damage. x2; The gnoll hits you with a +0 whip.
You are too injured to fight recklessly!
Unknown command.
You completely miss the gnoll.
The gnoll is severely wounded.
You hit the gnoll but do no damage. You closely miss the gnoll.
You barely miss the gnoll. The gnoll hits you.
* * * LOW HITPOINT WARNING * * *
The gnoll hits you but does no damage. x2; The gnoll hits you with a +0 whip.
You die...

.......####..#########.
....†...# ##....#
........# ##.#.##
###..##.# #....# ##.#
.# ##...# # #.# .#
#...###.# #.##
##......# #..# #
#......# ####.# .##
#g@###.# #....#....#
#ggg.# #
#.##.#.##.#####...#
#...............$.#
#....8...........#.
#...8.8............#
##.8._.8.... ..... .
#..8.8..#...........
#...8†..#.......#.##


You could see 4 gnolls.

Vanquished Creatures
  An ooze (D:1)
  A worm (D:2)
  2 dart slugs (D:2)
  A leopard gecko (D:2)
  A bat (D:2)
  9 giant cockroaches
  5 goblins
  4 hobgoblins
  2 ball pythons (D:1)
  A frilled lizard (D:2)
  3 kobolds
  7 rats
37 creatures vanquished.

Notes
Turn   | Place    | Note
-------+----------+-------------------------------------------
     0 | D:1      | Borgoz the Gargoyle Gladiator began the quest for the Orb.
     0 | D:1      | Reached XP level 1. HP: 12/12 MP: 1/1
   208 | D:1      | Reached XP level 2. HP: 18/18 MP: 2/2
   273 | D:1      | Reached skill level 1 in Armour
   386 | D:1      | Reached skill level 3 in Axes
   386 | D:1      | Reached XP level 3. HP: 22/22 MP: 3/3
   592 | D:2      | Found an ornate altar of the Wu Jian Council.
   791 | D:2      | Found a faded altar of an unknown god.
   866 | D:2      | Slain by a gnoll

Skill      XL: |  1  2 |
---------------+-------+-----
Armour         | 1 |  1.6
Axes           | 3 |  3.1
Fighting       | |  2.8
Throwing       | |  1.7
Dodging        | |  2.8

Action                   || total
-------------------------++-------
Melee: War axe           ||    98
Armor: Leather armour    ||    36
       Ring mail         ||    14
Dodge: Dodged            ||    66
